 Dungeon Crawl Stone Soup version 0.30.0-29-ga12c61a403 (webtiles) character file.

Game seed: 7909146804764737674

24 booth the Chopper (level 2, -3/23 HPs)
             Began as a Demonspawn Gladiator on June 5, 2023.
             Slain by a gnoll
             ... wielding a +3 flail
              (12 damage)
             ... on level 2 of the Dungeon.
             The game lasted 00:06:02 (1026 turns).

booth the Chopper (Demonspawn Gladiator)            Turns: 1026, Time: 00:06:03

Health: -3/23      AC:  4    Str: 14    XL:     2   Next: 79%
Magic:  0/2        EV: 12    Int:  9    God:
Gold:   62         SH:  0    Dex: 14    Spells: 1/1 levels left

rFire   . . .        a - +0 war axe
rCold   . . .        (no shield)
rNeg    . . .        b - +0 leather armour
rPois   .            c - +0 helmet
rElec   .            (no cloak)
rCorr   .            (no gloves)
SInv    .            (no boots)
Will    .....        k - amulet of guardian spirit
Stlth   +            (no ring)
HPRegen 0.23/turn    (no ring)
MPRegen 0.08/turn

%: guardian spirit
@: no status effects
A: foul stench 1
a: no special abilities


You were on level 2 of the Dungeon.
You visited 1 branch of the dungeon, and saw 2 of its levels.

You collected 62 gold pieces.

Inventory:

Hand Weapons
 a - a +0 war axe (weapon)
 l - a +0 mace
 n - the +2 whip of Fundamental Breach {pain, Contam rElec rC+}
   (You found it on level 2 of the Dungeon)

   rC:        It protects you from cold.
   rElec:     It insulates you from electricity.
   Contam:    It causes magical contamination when unequipped.
Missiles
 d - 3 throwing nets (quivered)
 e - a javelin
Armour
 b - a +0 leather armour (worn)
 c - a +0 helmet (worn)
Jewellery
 h - an amulet of magic regeneration
 k - an amulet of guardian spirit (around neck)
Scrolls
 i - a scroll of enchant weapon {unknown}
 j - a scroll of vulnerability {unknown}
 o - a scroll of fog {unknown}
Potions
 f - a potion of heal wounds
 g - a potion of ambrosia
 m - a potion of mutation {unknown}


   Skills:
 + Level 2.3 Fighting
 + Level 3.0 Axes
 + Level 2.2 Throwing
 + Level 3.0 Dodging


You had one spell level left.
You didn't know any spells.
Your spell library was empty.

Dungeon Overview and Level Annotations

Branches:
Dungeon (2/15)

Altars:


Innate Abilities, Weirdness & Mutations

You may rarely emit foul miasma when damaged in melee.


Message History

A goblin is nearby!
The goblin shouts!
The goblin hits you but does no damage.
You closely miss the goblin. The goblin hits you but does no damage.
You barely miss the goblin. The goblin hits you but does no damage.
You slash the goblin!
You kill the goblin!
Things that are here:
a +0 club; a goblin corpse A quokka comes into view.
The quokka bites you.
You see here 15 gold pieces.
You hit the quokka but do no damage. The quokka barely misses you.
The quokka bites you.
You miss the quokka. The quokka misses you.
You closely miss the quokka. The quokka closely misses you.
The quokka bites you.
You emit a cloud of foul miasma!
You hit the quokka.
The quokka is heavily wounded.
The quokka is engulfed in dark miasma.
The quokka is poisoned.
You kill the quokka!
Your Axes skill increases to level 3!
Your Dodging skill increases to level 3!
You now have 62 gold pieces (gained 15).
Magic restored.
A rat comes into view.
The rat twitches its whiskers.
You slash the rat!
You kill the rat!
A gnoll comes into view. It is wielding a +3 flail.
The gnoll shouts!
You hear a shout! x2
A gnoll is nearby!
A gnoll comes into view. It is wielding a +0 whip.
The gnoll misses you.
You barely miss the gnoll. The gnoll hits you with a +3 flail.
The gnoll hits you with a +3 flail!
You closely miss the gnoll. The gnoll hits you with a +3 flail.
You closely miss the gnoll. The gnoll hits you with a +3 flail!
Ouch! That really hurt!
You die...

#.....#
#.##..#
.. #..#
######..#
........#
#######.#
#.# #.#
#@# #g#
#g# #.#
..# ###


You could see 2 gnolls.

Vanquished Creatures
  3 endoplasms (D:1)
  3 goblins
  A hobgoblin (D:1)
  3 kobolds (D:1)
  4 quokkas
  2 ball pythons (D:1)
  2 bats (D:1)
  A frilled lizard (D:1)
  3 rats
22 creatures vanquished.

Notes
Turn   | Place    | Note
-------+----------+-------------------------------------------
     0 | D:1      | booth the Demonspawn Gladiator began the quest for the Orb.
     0 | D:1      | Reached XP level 1. HP: 16/16 MP: 1/1
   271 | D:1      | Gained mutation: You may rarely emit foul miasma when
                  | damaged in melee. [demonic ancestry]
   271 | D:1      | Reached XP level 2. HP: 18/22 MP: 2/2
   917 | D:2      | Identified the +2 whip of Fundamental Breach {pain, Contam
                  | rElec rC+}
  1026 | D:2      | Slain by a gnoll

Illustrated notes

Levels and vault maps discovered:
D:1:      eino_arrival_cavern_e, layout_basic, minmay_misc_feat_encased
D:2:      layout_basic

Skill      XL: |  1  2 |
---------------+-------+-----
Throwing       | 2 |  2.2
Axes           | 3 |  3.0
Dodging        | 3 |  3.0
Fighting       | |  2.3

Action                     || total
---------------------------++-------
  Melee: War axe           ||    79
         Punch             ||     1
    Use: Scroll            ||     4
 Armour: Leather armour    ||    25
  Dodge: Dodged            ||    55
